 Dungeon Crawl Stone Soup version 0.19-a0-1827-g174f941 (webtiles) character file.

77 Canardh the Insei (level 4, 0/35 HPs)
             Began as a Draconian Transmuter on Oct 7, 2016.
             Slain by Crazy Yiuf
             ... wielding a +4 quarterstaff of chaos
              (8 damage)
             ... on level 3 of the Dungeon.
             The game lasted 00:09:12 (1905 turns).

Canardh the Insei (Draconian Transmuter)            Turns: 1905, Time: 00:09:13

Health: 0/35       AC:  5    Str: 12    XL:     4   Next: 14%
Magic:  2/8        EV: 12    Int: 14    God:
Gold:   59         SH:  0    Dex: 12    Spells: 3 memorised, 2 levels left

rFire  . . .     SeeInvis .     l - +0 dagger
rCold  . . .     Gourm    .     (armour unavailable)
rNeg   . . .     Faith    .     (no shield)
rPois  .         Spirit   .     (helmet restricted)
rElec  .         Dismiss  .     (no cloak)
rCorr  .         Reflect  .     (no gloves)
MR     .....     Harm     .     (no boots)
Stlth  +.........               (no amulet)
                                (no ring)
                                (no ring)

@: very slightly contaminated
A: unfitting armour, cold-blooded, AC +5
a: no special abilities


You were on level 3 of the Dungeon.
You were not hungry.

You visited 1 branch of the dungeon, and saw 3 of its levels.

You collected 59 gold pieces.

Inventory:

Hand Weapons
 l - a +0 dagger (weapon)
Missiles
 a - 47 arrows
Scrolls
 d - a scroll of random uselessness {unknown}
 e - 3 scrolls of teleportation {unknown}
 g - 2 scrolls of remove curse
 i - a scroll of recharging {unknown}
 o - 3 scrolls of noise {unknown}
Potions
 h - a potion of invisibility {unknown}
 k - 2 potions of magic {unknown}
 m - a potion of ambrosia {unknown}
 n - a potion of cancellation {unknown}
Books
 b - a book of Changes

   Spells                             Type                      Level
   a - Beastly Appendage              Transmutation                1
   b - Sticks to Snakes               Transmutation                2
   c - Spider Form                    Transmutation/Poison         3
   d - Ice Form                       Ice/Transmutation            4
   e - Blade Hands                    Transmutation                5
Comestibles
 c - 3 bread rations
 f - 4 fruits
 j - a meat ration


   Skills:
 + Level 1.2 Fighting
 + Level 1.9 Dodging
 + Level 0.2 Stealth
 + Level 3.6 Unarmed Combat
 + Level 2.7 Spellcasting
 + Level 3.0 Transmutations
 + Level 0.2 Poison Magic


You had 2 spell levels left.
You knew the following spells:

 Your Spells              Type           Power        Failure   Level  Hunger
a - Beastly Appendage     Tmut           ##....       10%         1    #......
b - Sticks to Snakes      Tmut           ##......     12%         2    ###....
c - Spider Form           Tmut/Pois      #.........   38%         3    ###....


Dungeon Overview and Level Annotations

Branches:
Dungeon (3/15)

Altars:
Ashenzari
Cheibriados

Annotations:
D:3 Crazy Yiuf


Innate Abilities, Weirdness & Mutations

Your plain brown scales are hard. (AC +5)
You cannot fit into any form of body armour.
You are cold-blooded and may be slowed by cold attacks.


Message History

Multicoloured lights dance before your eyes!
Crazy Yiuf grits, "Rifle!
Scoff cloud infinity."
Crazy Yiuf completely misses you.
You see here 2 scrolls labeled HUEDO GE ZOWA.
Crazy Yiuf laughs, "Iron horse bag!"
Crazy Yiuf hits you with a quarterstaff of chaos!
Crazy Yiuf sings, "Trees, trees, trees, circus!"
A goblin comes into view.
The goblin hits you but does no damage.
Crazy Yiuf says, "Tosser poople song!"
You completely miss Crazy Yiuf.
Crazy Yiuf is moderately wounded.
The goblin barely misses you.
Crazy Yiuf hits you with a quarterstaff of chaos.
You hit Crazy Yiuf but do no damage.
Crazy Yiuf is moderately wounded.
The goblin hits you.
* * * LOW HITPOINT WARNING * * *
Crazy Yiuf hits you with a quarterstaff of chaos!
You die...

#..)# #...# #.#
... #.# #'# #.#
♣♣.♣ #.# ♣.♣♣
#.# ♣♣.♣ #.# #
♣.♣♣ #g# # ♣♣.♣♣
#@# # ♣.♣.♣♣ #g#
# ♣....♣ #.#
##### #....# #.#
....###....##
#.#
............#
#.#
....)...#.#.#
#.#
#####'#.....#
#.# #
#.##########.###


You could see Crazy Yiuf and a goblin.

Vanquished Creatures
  2 adders (D:2)
  A worm (D:2)
  A dart slug (D:1)
  3 leopard geckos
  An orc (D:3)
  A giant cockroach (D:2)
  5 goblins
  5 hobgoblins
  3 jackals (D:3)
  A ball python (D:3)
  5 bats
  3 frilled lizards
  5 kobolds
  2 rats
38 creatures vanquished.

Vanquished Creatures (collateral kills)
  2 adders (D:2)
  A kobold (D:2)
  A ball python (D:2)
  A frilled lizard (D:1)
5 creatures vanquished.

Grand Total: 43 creatures vanquished

Notes
Turn   | Place    | Note
-------+----------+-------------------------------------------
     0 | D:1      | Canardh the Draconian Transmuter began the quest for the Orb.
     0 | D:1      | Reached XP level 1. HP: 16/16 MP: 3/3
   126 | D:1      | Reached XP level 2. HP: 21/23 MP: 3/5
   130 | D:1      | Learned a level 2 spell: Sticks to Snakes
   215 | D:1      | You fall through a shaft!
   571 | D:2      | Reached XP level 3. HP: 27/28 MP: 4/6
   610 | D:2      | Learned a level 3 spell: Spider Form
  1154 | D:2      | Found a snail-covered altar of Cheibriados.
  1517 | D:3      | Reached XP level 4. HP: 29/35 MP: 2/8
  1691 | D:3      | Found a shattered altar of Ashenzari.
  1764 | D:3      | Found a runed door.
  1860 | D:3      | Noticed Crazy Yiuf
  1905 | D:3      | Slain by Crazy Yiuf

Vault maps used:
D:1:      scummos_arrival_checkerplants, kennysheep_nondescript
D:2:      cheibriados_altar_1, first_bread, minmay_parallelograms
D:3:      nicolae_overflow_hidden_temple, minmay_tree_intersection,
          grunt_decor_clamped, nrook_mini_backslash, uniq_crazy_yiuf_cottage

Skill      XL: |  1  2  3  4 |
---------------+-------------+-----
Transmutations | 3 |  3.0
Fighting       | |  1.2
Dodging        | |  1.9
Stealth        | |  0.2
Unarmed Combat | |  3.6
Spellcasting   | |  2.7
Poison Magic   | |  0.2

Action                   |  1- 3 |  4- 6 || total
-------------------------+-------+-------++-------
Melee: Unarmed           |    62 |    11 ||    73
       Headbutt          |     2 |       ||     2
       Tailslap          |     7 |     2 ||     9
       Kick              |     2 |       ||     2
       Dagger            |    52 |    15 ||    67
       Punch             |     1 |       ||     1
 Cast: Beastly Appendage |     9 |       ||     9
       Sticks to Snakes  |     9 |       ||     9
       Spider Form       |     5 |     4 ||     9
  Use: Scroll            |     1 |       ||     1
 Stab: Sleeping          |     1 |       ||     1
  Eat: Bread ration      |     1 |     1 ||     2
Armor: Skin              |    47 |    11 ||    58
Dodge: Dodged            |    76 |    33 ||   109
